 Dungeon Crawl Stone Soup version 0.23.0-38-g208d714 (webtiles) character file.

Game seed: 271360556128193012

386 Luthien the Conjurer (level 6, 0/32 HPs)
             Began as a Deep Elf Conjurer on Feb 27, 2019.
             Was an Initiate of Vehumet.
             Shot with an arrow by a centaur (10 damage)
             ... on level 5 of the Dungeon.
             The game lasted 00:16:52 (5178 turns).

Luthien the Conjurer (Deep Elf Conjurer)            Turns: 5178, Time: 00:16:53

Health: 0/32       AC:  3    Str:  5    XL:     6   Next: 48%
Magic:  12/12      EV: 13    Int: 20    God:    Vehumet [......]
Gold:   155        SH:  0    Dex: 17    Spells: 4/11 levels left

rFire    . . .     SeeInvis .   g - +3 dagger
rCold    . . .     Gourm    .   (no shield)
rNeg     . . .     Faith    .   a - +0 robe
rPois    .         Spirit   .   (no helmet)
rElec    .         Reflect  .   (no cloak)
rCorr    .         Harm     .   u - +0 pair of gloves
MR       .....                  (no boots)
Stlth    ++........             n - amulet of inaccuracy (curse)
HPRegen  0.10/turn              (no ring)
MPRegen  0.13/turn              (no ring)

@: no status effects
A: no striking features
a: Renounce Religion


You were on level 5 of the Dungeon.
You worshipped Vehumet.
Vehumet was noncommittal.
You were hungry.

You visited 2 branches of the dungeon, and saw 6 of its levels.

You collected 155 gold pieces.

Inventory:

Hand Weapons
 g - a +3 dagger (weapon)
 t - a +0 hunting sling
Missiles
 e - 73 bolts
 w - 19 arrows
Armour
 a - a +0 robe (worn)
 s - a +0 plate armour
 u - a +0 pair of gloves (worn)
 x - a +0 helmet
Jewellery
 n - a cursed amulet of inaccuracy (around neck)
 y - a +2 amulet of reflection {unknown}
Scrolls
 b - 8 scrolls of identify {unknown}
 d - 2 scrolls of blinking {unknown}
 h - a scroll of enchant armour {unknown}
 j - a scroll of remove curse {unknown}
 k - a scroll of magic mapping {unknown}
 m - 2 scrolls of fear {unknown}
 o - a scroll of teleportation {unknown}
Potions
 f - 4 potions of curing {unknown}
 i - a potion of heal wounds {unknown}
 l - a potion of flight {unknown}
 p - 3 potions of mutation {unknown}
 q - a potion of might {unknown}
 r - a potion of cancellation {unknown}
 v - a potion of lignification {unknown}
Comestibles
 c - 7 rations


   Skills:
 - Level 2.4 Dodging
 - Level 2.4 Stealth
 - Level 3.0 Spellcasting
 + Level 7.7 Conjurations
 - Level 4.2 Hexes


You had 4 spell levels left.
You knew the following spells:

 Your Spells              Type           Power        Failure   Level  Hunger
a - Magic Dart            Conj           ####         1%          1    None
b - Searing Ray           Conj           ####..       1%          2    ##.....
c - Fulminant Prism       Conj/Hex       ####......   12%         4    ####...

Your spell library contained the following spells:

 Spells                   Type           Power        Failure   Level  Hunger
 Dazzling Spray           Conj/Hex       ####..       3%          3    ###....
 Iskenderun's Mystic Bla  Conj           ####....     6%          4    ####...
 Force Lance              Conj/Tloc      ###.....     28%         4    ####...


Dungeon Overview and Level Annotations

Branches:
Dungeon (5/15)             Temple (1/1) D:5

Altars:
Ashenzari
Cheibriados
Dithmenos
Elyvilon
Fedhas
Gozag
Hepliaklqana
Kikubaaqudgha
Makhleb
Nemelex Xobeh
Okawaru
Qazlal
Ru
Sif Muna
Uskayaw
Vehumet
Wu Jian
Xom
Yredelemnul
Zin
The Shining One


Message History

There is a staircase back to the Dungeon here.
You climb upwards.
Welcome back to the Dungeon!
The centaur is too close now for your liking.
There is a staircase to the Ecumenical Temple here.
The centaur shouts!
You hit the plant but do no damage.
The centaur shoots an arrow.
The arrow hits you!
You see here an arrow.
The centaur shoots an arrow.
The arrow barely misses you.
The centaur shoots an arrow.
The arrow hits you.
You see here 2 arrows.
The centaur shoots an arrow.
The arrow closely misses you.
The centaur shoots an arrow.
The arrow hits you!
* * * LOW HITPOINT WARNING * * *
You see here an arrow.
The centaur shoots an arrow.
The arrow barely misses you.
There is a stone staircase leading up here.
The centaur shoots an arrow.
The arrow misses you.
The centaur shoots an arrow.
The arrow hits you!
You die...

#..#.P......#
#.#.P.P.c# # ####
#...P>.P.#.#
...###..P(..#..#
#..##..(.P...#
####..#.#.#.#####
..>.....((...^...
####.......#####
##.@#.#....#
##.#...##...
#..†..## ..
#.#........#
........####
#.?.#.......
...###......#
.... #....#..#
#..## #######..


You could see a centaur.

Vanquished Creatures
  A scorpion (D:5)
  A howler monkey (D:4)
  A centaur skeleton (D:4)
  An orc priest (D:4)
  9 gnolls
  4 adders
  A shadow imp (D:5)
  An ooze (D:1)
  3 worms
  2 dart slugs
  3 leopard geckos
  7 orcs
  10 bats
  5 giant cockroaches
  10 hobgoblins
  3 jackals
  A quokka (D:3)
  A ball python (D:3)
  8 frilled lizards
  3 goblins
  9 kobolds
  A quokka zombie (D:3)
  6 rats
91 creatures vanquished.

Notes
Turn   | Place    | Note
-------+----------+-------------------------------------------
     0 | D:1      | Luthien the Deep Elf Conjurer began the quest for the Orb.
     0 | D:1      | Reached XP level 1. HP: 10/10 MP: 6/6
   255 | D:1      | Reached XP level 2. HP: 15/15 MP: 6/8
   296 | D:1      | Learned a level 2 spell: Searing Ray
   308 | D:1      | Reached skill level 5 in Conjurations
  1128 | D:2      | Reached XP level 3. HP: 19/19 MP: 6/9
  1467 | D:2      | Reached skill level 6 in Conjurations
  1567 | D:2      | Reached XP level 4. HP: 24/24 MP: 3/10
  2190 | D:2      | Learned a level 4 spell: Fulminant Prism
  2530 | D:2      | You fall through a shaft for 2 floors!
  2819 | D:3      | Reached skill level 1 in Hexes
  2858 | D:3      | Reached XP level 5. HP: 28/28 MP: 5/11
  3016 | D:3      | Reached skill level 7 in Conjurations
  3807 | D:3      | Found a sparkling altar of Nemelex Xobeh.
  3938 | D:4      | Found a blossoming altar of Fedhas.
  4316 | D:4      | Reached XP level 6. HP: 32/32 MP: 6/12
  4678 | D:5      | Entered Level 5 of the Dungeon
  4884 | D:5      | Found a staircase to the Ecumenical Temple.
  4970 | Temple   | Entered the Ecumenical Temple
  5050 | Temple   | Became a worshipper of Vehumet
  5178 | D:5      | Shot with an arrow by a centaur

Skill      XL: |  1  2  3  4  5  6 |
---------------+-------------------+-----
Conjurations   | 5 6 7 |  7.7
Hexes          | 1 3 4 |  4.2
Dodging        | |  2.4
Stealth        | |  2.4
Spellcasting   | |  3.0

Action                   |  1- 3 |  4- 6 || total
-------------------------+-------+-------++-------
Melee: Dagger            |     5 |     2 ||     7
 Cast: Magic Dart        |    57 |    75 ||   132
       Searing Ray       |     5 |    28 ||    33
  Eat: Chunk             |     2 |    11 ||    13
Armor: Robe              |     3 |     6 ||     9
Dodge: Dodged            |     5 |    42 ||    47
